Match 28576460
Unlisted

Match 28576460
End
Selects Australian Defense Battlegroup
Selects Australian Light Infantry Section
Australian Light Infantry Section
Vickers Machine Gun Team
Australian Light Infantry Section
Construct Field Infirmary
Construct Section Command Post
Selects 2-pounder Anti-tank Gun Team
2-pounder Anti-tank Gun Team
Construct Platoon Command Post
豪师傅
Heartless Jäger
sheenhochul
CAuMOH
0
0

Comments sign in to comment!

No comments posted yet!